 Dungeon Crawl Stone Soup version 0.30.0-29-ga12c61a403 (webtiles) character file.

Game seed: 7490962214907297427

179 AIAndy the Grasshopper (level 5, 0/37 HPs)
             Began as a Gnoll Wanderer on June 8, 2023.
             Slain by Natasha (2 damage)
             ... on level 2 of the Dungeon.
             The game lasted 00:18:09 (2128 turns).

AIAndy the Grasshopper (Gnoll Wanderer)             Turns: 2128, Time: 00:18:10

Health: 0/37       AC:  3    Str: 11 (12) XL:     5   Next: 59%
Magic:  9/9        EV: 12    Int: 10 (11) God:
Gold:   158        SH:  0    Dex: 12 (13) Spells: 8/10 levels left

rFire   . . .        i - +0 rapier
rCold   . . .        (no shield)
rNeg    . . .        d - +0 robe
rPois   .            h - +0 helmet
rElec   .            (no cloak)
rCorr   .            (no gloves)
SInv    .            (no boots)
Will    .....        (no amulet)
Stlth   ++           (no ring)
HPRegen 0.26/turn    (no ring)
MPRegen 0.11/turn

%: no passive effects
@: no status effects
A: fangs 1, strong nose, distributed training
a: no special abilities


You were on level 2 of the Dungeon.
You visited 1 branch of the dungeon, and saw 3 of its levels.

You collected 180 gold pieces.
You spent 22 gold pieces at shops.

Inventory:

Hand Weapons
 a - a +0 short sword
 i - a +0 rapier (weapon)
Missiles
 f - 5 boomerangs (quivered)
 k - 4 poisoned darts
Armour
 d - a +0 robe (worn)
 g - a +0 chain mail
 h - a +0 helmet (worn)
 j - a +0 ring mail
 m - a +0 scale mail
Wands
 b - a wand of flame (2)
Scrolls
 e - 2 scrolls of enchant weapon {unknown}
 l - a scroll of immolation {unknown}
 q - 2 scrolls of enchant armour {unknown}
 r - a scroll of identify
 t - a scroll of amnesia {unknown}
Potions
 c - a potion of lignification {unknown}
 n - a potion of magic
 u - a potion of berserk rage


   Skills:
 + Level 1.6 Fighting
 + Level 4.8 Short Blades
 + Level 1.6 Long Blades
 + Level 1.6 Axes
 + Level 1.6 Maces & Flails
 + Level 1.6 Polearms
 + Level 1.6 Staves
 + Level 1.6 Ranged Weapons
 + Level 1.6 Throwing
 + Level 1.6 Armour
 + Level 1.6 Dodging
 + Level 1.6 Stealth
 + Level 1.6 Shields
 + Level 1.6 Unarmed Combat
 + Level 3.2 Spellcasting
 + Level 1.3 Conjurations
 + Level 1.3 Hexes
 + Level 1.3 Summonings
 + Level 1.3 Necromancy
 + Level 7.2 Translocations
 + Level 1.3 Transmutations
 + Level 1.3 Fire Magic
 + Level 1.3 Ice Magic
 + Level 1.3 Air Magic
 + Level 1.3 Earth Magic
 + Level 1.3 Poison Magic
 + Level 1.8 Invocations
 + Level 6.7 Evocations


You had 8 spell levels left.
You knew the following spells:

 Your Spells              Type           Power      Damage    Failure   Level
a - Apportation           Tloc           32%        N/A       1%          1
b - Magic Dart            Conj           16%        1d3       16%         1

Your spell library contained the following spells:

 Spells                   Type           Power      Damage    Failure   Level
 Volatile Blastmotes      Fire/Tloc      20%        2d11      14%         3
 Manifold Assault         Tloc           16%        N/A       14%         4
 Call Imp                 Summ           8%         N/A       24%         2
 Mephitic Cloud           Conj/Pois/Air  4%         N/A       43%         3


Dungeon Overview and Level Annotations

Branches:
Dungeon (3/15)

Altars:

Shops:
D:3 *

Annotations:
D:2 Natasha
D:3 Sigmund


Innate Abilities, Weirdness & Mutations

You have very sharp teeth.
Your uncanny sense of smell can sniff out nearby items.
Your experience applies equally to all skills.


Message History

There is a stone staircase leading up here.
You climb upwards.
Reactivating autopickup.
There is a stone staircase leading down here.
You start resting.
HP restored.
Natasha, Servant of Life and Death comes into view.
Natasha claws you but does no damage.
You hit Natasha.
Natasha is moderately wounded.
Natasha howls an incantation.
Natasha's front paws start to glow.
Natasha claws you.
You closely miss Natasha. Your bite misses Natasha.
Natasha is moderately wounded.
Natasha claws you.
You hit Natasha.
Natasha is heavily wounded.
Natasha drinks a potion.
Natasha flickers and vanishes!
Deactivating autopickup; reactivate with Ctrl-A.
Something claws you. Something claws you.
Something claws you but does no damage.
You hear some strange, mumbled words.
There is a stone staircase leading up here.
You hit something. Something barely misses you.
You miss something. The cerulean imp closely misses you.
You hear some strange, mumbled words.
A magic dart appears from out of thin air!
The magic dart hits you.
You hit something. Your bite misses something.
The cerulean imp hits you from afar with a +0 spear.
Something claws you.
* * * LOW HITPOINT WARNING * * *
Something claws you.
* * * LOW HITPOINT WARNING * * *
Something claws you!
* * * LOW HITPOINT WARNING * * *
Something claws you.
You die...

##.....##.########.#
##.......#.# #.#
#..........########.##
##.......####...##.#.##
##.....## #.....###.#
##...## #...##.#.##
##..# ##.###...#####
#..#######.###.......#
#.>....@{5.......###.###
#.########.####.........
#.# #.# #.####.... #.#
#<####.# ##### #.#
#......# #.# ######.#
#.### #.# #...# #.#
###.# #.######


You could see a cerulean imp (summoned).

Vanquished Creatures
  Natasha (D:2)
  An orc wizard (D:3)
  Robin (D:3)
  4 adders
  3 dart slugs
  3 worms
  2 orcs (D:3)
  3 endoplasms
  4 giant cockroaches
  6 goblins
  8 hobgoblins
  A jackal (D:3)
  5 kobolds
  A quokka (D:3)
  5 ball pythons
  8 bats
  4 frilled lizards
  10 rats
70 creatures vanquished.

Notes
Turn   | Place    | Note
-------+----------+-------------------------------------------
     0 | D:1      | AIAndy the Gnoll Wanderer began the quest for the Orb.
     0 | D:1      | AIAndy set off with the following items: a +0 short sword,
                  | a wand of flame (5), a scroll of teleportation, a +0 robe;
                  | and the following spell memorised: Apportation; and the
                  | following spells available to memorise: Manifold Assault,
                  | Volatile Blastmotes.
     0 | D:1      | Reached XP level 1. HP: 13/13 MP: 4/4
   190 | D:1      | Reached XP level 2. HP: 16/20 MP: 5/5
   420 | D:1      | Reached XP level 3. HP: 25/25 MP: 7/7
   642 | D:2      | Reached skill level 1 in Invocations
   695 | D:2      | Reached skill level 1 in Fighting
   695 | D:2      | Reached skill level 1 in Long Blades
   695 | D:2      | Reached skill level 1 in Axes
   695 | D:2      | Reached skill level 1 in Maces & Flails
   695 | D:2      | Reached skill level 1 in Polearms
   695 | D:2      | Reached skill level 1 in Staves
   695 | D:2      | Reached skill level 1 in Ranged Weapons
   695 | D:2      | Reached skill level 1 in Throwing
   695 | D:2      | Reached skill level 1 in Armour
   695 | D:2      | Reached skill level 1 in Dodging
   695 | D:2      | Reached skill level 1 in Stealth
   695 | D:2      | Reached skill level 1 in Shields
   695 | D:2      | Reached skill level 1 in Unarmed Combat
  1087 | D:2      | Reached XP level 4. HP: 32/32 MP: 8/8
  1155 | D:2      | Noticed Natasha
  1159 | D:2      | Killed Natasha
  1160 | D:2      | Reached skill level 1 in Conjurations
  1160 | D:2      | Reached skill level 1 in Hexes
  1160 | D:2      | Reached skill level 1 in Summonings
  1160 | D:2      | Reached skill level 1 in Necromancy
  1160 | D:2      | Reached skill level 1 in Transmutations
  1160 | D:2      | Reached skill level 1 in Fire Magic
  1160 | D:2      | Reached skill level 1 in Ice Magic
  1160 | D:2      | Reached skill level 1 in Air Magic
  1160 | D:2      | Reached skill level 1 in Earth Magic
  1160 | D:2      | Reached skill level 1 in Poison Magic
  1409 | D:3      | Learned a level 1 spell: Magic Dart
  1462 | D:3      | Noticed Sigmund
  1487 | D:3      | Noticed Robin
  1488 | D:3      | HP: 1/32 [hobgoblin[Robin] (3)]
  1506 | D:3      | Reached XP level 5. HP: 6/37 MP: 9/9
  1515 | D:3      | Killed Robin
  1580 | D:3      | Found Ebanaoh's General Store.
  1596 | D:3      | Bought a scroll of identify for 22 gold pieces
  2106 | D:2      | Noticed Natasha
  2128 | D:2      | Slain by Natasha

Illustrated notes

Levels and vault maps discovered:
D:1:      ncdulo_wetmaze, layout_basic, minivault_24
D:2:      layout_loops_ring, uniq_natasha
D:3:      layout_loops_ring, general_overflow_altar, serial_shops,
          nicolae_shop_temple_entry_statues_fountains, mrwooster_statue_mirror,
          minmay_unequal, uniq_sigmund, uniq_robin

Skill      XL: |  1  2  3  4 |
---------------+-------------+-----
Invocations    | 1 |  1.8
Fighting       | 1 |  1.6
Long Blades    | 1 |  1.6
Axes           | 1 |  1.6
Maces & Flails | 1 |  1.6
Polearms       | 1 |  1.6
Staves         | 1 |  1.6
Ranged Weapons | 1 |  1.6
Throwing       | 1 |  1.6
Armour         | 1 |  1.6
Dodging        | 1 |  1.6
Stealth        | 1 |  1.6
Shields        | 1 |  1.6
Unarmed Combat | 1 |  1.6
Spellcasting   | 3 |  3.2
Conjurations   | 1 |  1.3
Hexes          | 1 |  1.3
Summonings     | 1 |  1.3
Necromancy     | 1 |  1.3
Transmutations | 1 |  1.3
Fire Magic     | 1 |  1.3
Ice Magic      | 1 |  1.3
Air Magic      | 1 |  1.3
Earth Magic    | 1 |  1.3
Poison Magic   | 1 |  1.3
Short Blades   | |  4.8
Translocations | |  7.2
Evocations     | |  6.7

Action                     |  1- 3 |  4- 6 || total
---------------------------+-------+-------++-------
  Melee: Short sword       |    50 |       ||    50
         Bite              |    18 |    10 ||    28
         Punch             |     2 |     1 ||     3
         Rapier            |    72 |   140 ||   212
   Cast: Magic Dart        |       |     8 ||     8
  Evoke: Wand              |       |     7 ||     7
    Use: Potion            |       |     6 ||     6
         Scroll            |       |     3 ||     3
   Stab: Sleeping          |     1 |     1 ||     2
         Invisible         |       |     2 ||     2
 Armour: Robe              |     4 |    15 ||    19
         Chain mail        |    53 |    28 ||    81
  Dodge: Dodged            |    28 |    65 ||    93
